 Dungeon Crawl Stone Soup version 0.25-a0-424-g80bd347ae0 (webtiles) character file.

Game seed: 4794699645983849083, levelgen mode: deterministic

6 kae the Insei (level 1, 0/15 HPs)
             Began as a Demonspawn Transmuter on Jan 23, 2020.
             Slain by a dart slug (3 damage)
             ... on level 1 of the Dungeon.
             The game lasted 00:00:06 (62 turns).

kae the Insei (Demonspawn Transmuter)                 Turns: 62, Time: 00:00:07

Health: 0/15       AC:  2    Str: 10    XL:     1   Next: 75%
Magic:  3/3        EV: 12    Int: 14    God:
Gold:   0          SH:  0    Dex: 13    Spells: 3/4 levels left

rFire    . . .     SeeInvis .     - Unarmed
rCold    . . .     Gourm    .   (no shield)
rNeg     . . .     Faith    .   b - +0 robe
rPois    .         Spirit   .   (no helmet)
rElec    .         Reflect  .   (no cloak)
rCorr    .         Harm     .   (no gloves)
MR       .....                  (boots currently unavailable)
Stlth    +.........             (no amulet)
HPRegen  0.05/turn              (no ring)
MPRegen  0.08/turn              (no ring)

@: appendage (expiring)
A: talons 3
a: End Transformation


You were on level 1 of the Dungeon.
You were not hungry.
You had grown temporary talons.
You visited 1 branch of the dungeon, and saw 1 of its levels.

Inventory:

Missiles
 a - 12 arrows
Armour
 b - a +0 robe (worn)
Potions
 c - a potion of heal wounds {unknown}
Comestibles
 d - 2 rations


   Skills:
 - Level 1.0 Fighting
 - Level 1.7 Dodging
 - Level 2.6 Unarmed Combat
 + Level 2.1 Spellcasting
 * Level 2.1 Transmutations


You had 3 spell levels left.
You knew the following spells:

 Your Spells              Type           Power        Failure   Level  Hunger
a - Beastly Appendage     Tmut           #.....       10%         1    #......

Your spell library contained the following spells:

 Spells                   Type           Power        Failure   Level  Hunger
 Sticks to Snakes         Tmut           #.......     14%         2    ###....
 Spider Form              Tmut/Pois      #.........   41%         3    ###....
 Ice Form                 Ice/Tmut       #.......     83%         4    #####..
 Blade Hands              Tmut           #.........   95%         5    ######.


Dungeon Overview and Level Annotations

Branches:
Dungeon (1/15)

Altars:
The Shining One

Portals:
Abyss: D:1***


Innate Abilities, Weirdness & Mutations

You have claws for feet.


Message History

You kill the frilled lizard!
The hobgoblin hits you. The ooze barely misses you. The ooze hits you.
The dart slug bites you but does no damage.
A rat comes into view.
A hobgoblin comes into view. It is wielding a +0 club.
The ooze barely misses you.
Found a glowing golden altar of the Shining One.
You hit the dart slug. You punch the dart slug.
The dart slug is severely wounded.
The hobgoblin completely misses you. The ooze hits you.
* * * LOW HITPOINT WARNING * * *
The dart slug bites you.
* * * LOW HITPOINT WARNING * * *
You hit the ooze.
You kill the ooze!
Your Transmutations skill increases to level 2!
The hobgoblin hits you but does no damage.
The rat closely misses you. The dart slug bites you.
You die...

## .## .. . #.### #.#
#...#######
#..=##r........ #.g.w@#
#_#.#Kg# .#
#..#######..#
###.##.......# ##
#............. ..
..g..####.############.
......(...............#.
..K..####.......#####...
........................


You could see a dart slug, 2 hobgoblins, a kobold and a rat.

Vanquished Creatures
  An ooze (D:1)
  2 frilled lizards (D:1)
3 creatures vanquished.

Notes
Turn   | Place    | Note
-------+----------+-------------------------------------------
     0 | D:1      | kae the Demonspawn Transmuter began the quest for the Orb.
     0 | D:1      | Reached XP level 1. HP: 15/15 MP: 3/3
    60 | D:1      | Found a glowing golden altar of the Shining One.
    62 | D:1      | Slain by a dart slug

Levels and vault maps discovered:
D:1:      minmay_arrival_glassed_features, layout_basic, minmay_hexomino_r4

Skill      XL: |  1 |
---------------+----+-----
Transmutations | 2 |  2.1
Fighting       | |  1.0
Dodging        | |  1.7
Unarmed Combat | |  2.6
Spellcasting   | |  2.1

Action                   || total
-------------------------++-------
Melee: Unarmed           ||     9
       Kick              ||     3
       Punch             ||     1
 Cast: Beastly Appendage ||     2
Armor: Robe              ||     3
Dodge: Dodged            ||     7

Table legend:
 A = Non-vault XP
 B = Vault XP
 C = Vault XP percentage of total XP
 D = Non-vault monster count
 E = Vault monster count
 F = Vault count percentage of total count
                 A         B        C        D         E       F
            +---------+---------+-------+---------+---------+-------
      Total |       2 |       7 |  77.8 |       2 |       1 |  33.3
            +---------+---------+-------+---------+---------+-------
        D:1 |       2 |       7 |  77.8 |       2 |       1 |  33.3
            +---------+---------+-------+---------+---------+-------
